 Dungeon Crawl Stone Soup version 0.23-a0-171-g5ae17c6 (webtiles) character file.

242 grindst0ne the Chopper (level 6, -11/64 HPs)
             Began as an Octopode Fighter on Sept 13, 2018.
             Was an Initiate of Makhleb.
             Mangled by an ogre
             ... wielding a +0 giant club
              (19 damage)
             ... on level 4 of the Dungeon.
             The game lasted 00:03:35 (2292 turns).

grindst0ne the Chopper (Octopode Fighter)           Turns: 2292, Time: 00:03:35

Health: -11/64     AC: 23    Str: 16    XL:     6   Next: 9%
Magic:  6/6        EV:  2    Int: 11    God:    Makhleb [......]
Gold:   136        SH:  9    Dex: 12    Spells: 5/5 levels left

rFire    . . .     SeeInvis .   e - +0 dagger (venom)
rCold    . . .     Gourm    .   b - +0 shield
rNeg     + + +     Faith    .   (helmet currently unavailable)
rPois    +         Spirit   .   (no amulet)
rElec    .         Reflect  .   (no ring)
rCorr    .         Harm     .   (no ring)
MR       .....     NoTele   +   (no ring)
Stlth    +.........             (no ring)
HPRegen  0.20/turn              (no ring)
MPRegen  0.10/turn              (no ring)
                                (no ring)
                                (no ring)

@: tree-form
A: almost no armour, stealthy swim, (amphibious), 8 rings, (constrict 8)
a: Renounce Religion


You were on level 4 of the Dungeon.
You worshipped Makhleb.
Makhleb was noncommittal.
You were not hungry.
You were a tree.
You visited 1 branch of the dungeon, and saw 4 of its levels.

You collected 136 gold pieces.

Inventory:

Hand Weapons
 a - a +0 war axe
 e - a +0 dagger of venom (weapon)
Missiles
 o - a throwing net (quivered)
Armour
 b - a +0 shield (worn)
Jewellery
 s - an uncursed ring of magical power {unknown}
Scrolls
 f - 2 scrolls of teleportation
 g - a scroll of random uselessness {unknown}
 i - 2 scrolls of fear {unknown}
 j - 2 scrolls of immolation {unknown}
 k - 2 scrolls of magic mapping {unknown}
 n - a scroll of enchant weapon {unknown}
 p - 2 scrolls of identify {unknown}
 v - a scroll of enchant armour {unknown}
Potions
 h - a potion of haste {unknown}
 l - a potion of lignification
 m - a potion of flight {unknown}
 q - a potion of heal wounds {unknown}
 r - a potion of degeneration {unknown}
 t - a potion of brilliance {unknown}
 u - a potion of curing {unknown}
Comestibles
 c - a chunk of flesh
 d - 7 rations


   Skills:
 + Level 4.1 Fighting
 * Level 4.5 Axes
 - Level 3.0 Dodging
 + Level 4.1 Shields


You had 5 spell levels left.
You didn't know any spells.
Your spell library was empty.

Dungeon Overview and Level Annotations

Branches:
Dungeon (4/15)
 Temple: D:4-7

Altars:
Makhleb
Nemelex Xobeh
Yredelemnul


Innate Abilities, Weirdness & Mutations

You cannot wear most types of armour.
You are very stealthy in the water. (Stealth+)
((You are amphibious.))
You can wear up to eight rings at the same time.
((You can use your tentacles to constrict eight enemies at once.))
((Your skin changes colour to match your surroundings (Stealth+).))
((Your rubbery body absorbs attacks. (AC +1, EV +1)))


Message History

The ogre is lightly wounded.
You block the ogre's attack.
The ogre looks more healthy.
Okay, then.
Okay, then.
It was a potion of lignification.
You turn into a tree.
Your roots penetrate the ground.
The ogre hits you with a giant club!
* * * LOW HITPOINT WARNING * * *
You hit the ogre.
The ogre is poisoned.
The ogre is heavily wounded.
The ogre hits you but does no damage.
You hit the ogre.
The ogre looks as sick as possible!
The ogre is severely wounded.
The ogre barely misses you.
You hit the ogre but do no damage.
The ogre looks as sick as possible!
The ogre is severely wounded.
You hit the ogre.
The ogre looks as sick as possible!
The ogre is almost dead.
The ogre hits you with a giant club!!
You die...

#... ####..#......
##...##...#..#...?.
#...##....##.......
#..........##......
#..........####....
#..........## #...
##...........# #..
#...O........# #.
#..♣....###### .
#..###### #..# ###
#..# ###.###..#
##....##.##
###.....#..# .
#.......#..#
..##.......#..#


You could see an ogre.

Vanquished Creatures
  An ogre (D:4)
  2 hounds
  A centaur skeleton (D:4)
  2 adders
  A dart slug (D:1)
  3 leopard geckos
  7 bats
  5 goblins (D:1)
  5 hobgoblins
  6 jackals
  2 quokkas
  A ball python (D:2)
  3 frilled lizards
  9 kobolds
  6 rats
54 creatures vanquished.

Notes
Turn   | Place    | Note
-------+----------+-------------------------------------------
     0 | D:1      | grindst0ne the Octopode Fighter began the quest for the
                  | Orb.
     0 | D:1      | Reached XP level 1. HP: 16/16 MP: 1/1
   173 | D:1      | Reached XP level 2. HP: 20/21 MP: 2/2
   570 | D:1      | Reached XP level 3. HP: 21/26 MP: 3/3
   763 | D:2      | Reached XP level 4. HP: 21/31 MP: 4/4
   917 | D:2      | Found a basalt altar of Yredelemnul.
  1804 | D:3      | Found a burning altar of Makhleb.
  1811 | D:3      | Reached XP level 5. HP: 32/37 MP: 5/5
  1823 | D:3      | Became a worshipper of Makhleb the Destroyer
  2044 | D:3      | Found a sparkling altar of Nemelex Xobeh.
  2136 | D:4      | Noticed an ogre
  2144 | D:4      | Killed an ogre
  2207 | D:4      | Reached XP level 6. HP: 37/43 MP: 6/6
  2292 | D:4      | Mangled by an ogre

Vault maps used:
D:1:      dpeg_arrival_court, serial_forest, infiniplex_forest_corner_2,
          infiniplex_forest_straight_3, infiniplex_forest_join,
          infiniplex_forest_straight_4, minivault_5, st_stairs_4
D:2:      cheibrodos_old_hovel, yredelemnul_altar_generic
D:3:      makhleb_blood_cavern_becter, nemelex_altar_shiori, first_ration
D:4:      minitemple, old_standard_altar, minmay_temple_entry_large_hall,
          hangedman_decor_peaks_small

Skill      XL: |  1  2  3  4  5 |
---------------+----------------+-----
Axes           | 3 4 |  4.5
Fighting       | 4 |  4.1
Shields        | 4 |  4.1
Dodging        | |  3.0

Action                   |  1- 3 |  4- 6 || total
-------------------------+-------+-------++-------
Melee: War axe           |     7 |       ||     7
       Constrict         |    13 |    15 ||    28
       Tentacles         |     7 |    10 ||    17
       Dagger            |    30 |    78 ||   108
  Use: Scroll            |       |     1 ||     1
       Potion            |       |     2 ||     2
 Stab: Sleeping          |     1 |     8 ||     9
  Eat: Chunk             |       |     4 ||     4
Armor: Skin              |     2 |     6 ||     8
Dodge: Dodged            |    14 |    35 ||    49
Block: Shield            |    14 |    31 ||    45

Table legend:
 A = Non-vault XP
 B = Vault XP
 C = Vault XP percentage of total XP
 D = Non-vault monster count
 E = Vault monster count
 F = Vault count percentage of total count
                 A         B        C        D         E       F
            +---------+---------+-------+---------+---------+-------
      Total |     306 |      41 |  11.8 |      52 |       2 |   3.7
            +---------+---------+-------+---------+---------+-------
        D:1 |      36 |       1 |   2.7 |      20 |       1 |   4.8
        D:2 |      88 |       0 |   0.0 |      20 |       0 |   0.0
        D:3 |      31 |      40 |  56.3 |      10 |       1 |   9.1
        D:4 |     151 |       0 |   0.0 |       2 |       0 |   0.0
            +---------+---------+-------+---------+---------+-------
